 Dungeon Crawl Stone Soup version 0.30.1-11-g7821555f0a (webtiles) character file.

Game seed: 2953377716404730411

5001 Condegh the Grappler (level 10, 0/98 HPs)
             Began as a Troll Monk on Dec 20, 2023.
             Was a Priest of Wu Jian.
             Killed by divine providence
             ... invoked by an orc priest
              (11 damage)
             ... on level 9 of the Dungeon on Dec 21, 2023.
             The game lasted 00:37:12 (6507 turns).

Condegh the Grappler (Troll Monk)                   Turns: 6507, Time: 00:37:14

Health: 0/98       AC:  7    Str: 21    XL:     10   Next: 29%
Magic:  9/9        EV: 15    Int: 16    God:    Wu Jian [***...]
Gold:   442        SH: 16    Dex: 12    Spells: 9/9 levels left

rFire   . .          .
                       - Unarmed
rCold   . . .        j - +2 kite shield
rNeg    . . .        J - +1 robe {Will+}
rPois   .            h - +1 hat
rElec   .            B - +0 cloak
rCorr   .            (gloves unavailable)
SInv    .            (boots unavailable)
Will    +....        m - amulet of reflection
Stlth   +            C - +5 ring of evasion
HPRegen 1.16/turn    E - +6 ring of intelligence
MPRegen 0.11/turn

%: reflection
@: no status effects
A: large, unfitting armour, claws 3, regeneration 1, shaggy fur 1, tough skin 1
a: Renounce Religion, Wall Jump, Serpent's Lash


You were on level 9 of the Dungeon.
You worshipped Wu Jian.
Wu Jian was most pleased with you.
You visited 2 branches of the dungeon, and saw 10 of its levels.

You collected 442 gold pieces.

Inventory:

Hand Weapons
 L - the +6 short sword of Ycucoll {drain, Int+2}
   (You took it off a kobold on level 7 of the Dungeon)

   Int:       It affects your intelligence (+2).
Missiles
 I - a throwing net (quivered)
Armour
 a - a +0 robe
 c - an orb of light
 h - a +1 hat (worn)
 j - a +2 kite shield (worn)
 B - a +0 cloak (worn)
 J - a +1 robe of willpower (worn)
Jewellery
 m - an amulet of reflection (around neck)
 y - an amulet of the acrobat
 C - a +5 ring of evasion (left claw)
 E - a +6 ring of intelligence (right claw)
Wands
 p - a wand of charming (33)
 v - a wand of iceblast (9)
 G - a wand of polymorph (9)
 M - a wand of flame (10)
Scrolls
 d - 5 scrolls of teleportation
 e - a scroll of summoning {unknown}
 g - 2 scrolls of blinking {unknown}
 i - 2 scrolls of enchant armour {unknown}
 k - 2 scrolls of magic mapping {unknown}
 l - a scroll of poison {unknown}
 n - a scroll of enchant weapon {unknown}
 o - a scroll of torment {unknown}
 t - a scroll of noise {unknown}
 A - a scroll of brand weapon {unknown}
 D - a scroll of silence {unknown}
 H - 3 scrolls of amnesia {unknown}
 K - a scroll of vulnerability {unknown}
Potions
 b - a potion of ambrosia
 f - 4 potions of curing {unknown}
 q - a potion of lignification
 r - 3 potions of magic {unknown}
 s - a potion of brilliance
 u - 2 potions of mutation
 w - 2 potions of flight
 x - a potion of cancellation
 z - 2 potions of heal wounds
 F - 2 potions of might


   Skills:
 + Level 6.2 Fighting
 + Level 6.2 Dodging
 + Level 5.9 Shields
 * Level 10.2 Unarmed Combat


You had 9 spell levels left.
You didn't know any spells.
Your spell library contained the following spells:

 Spells                   Type           Power      Damage    Failure   Level
 Beastly Appendage        Tmut           0%         N/A       47%         1
 Cigotuvi's Dreadful Rot  Necr/Pois/Air  0%         N/A       63%         2
 Wereblood                Tmut           0%         N/A       63%         2
 Ignite Poison            Fire/Tmut/Pois 0%         N/A       85%         3
 Ozocubu's Armour         Ice            0%         N/A       85%         3
 Sticky Flame             Conj/Fire      0%         2d3       99%         4
 Summon Lightning Spire   Summ/Air       0%         N/A       99%         4
 Metabolic Englaciation   Hex/Ice        0%         N/A       100%        5
 Simulacrum               Ice/Necr       0%         N/A       100%        6
 Ignition                 Fire           0%         3d3       100%        8


Dungeon Overview and Level Annotations

Branches:
Dungeon (9/15)             Temple (1/1) D:7             Orc (0/2) D:9
   Lair: D:8-11

Altars:
Ashenzari
Cheibriados
Dithmenos
Elyvilon
Fedhas
Gozag
Hepliaklqana
Kikubaaqudgha
Makhleb
Nemelex Xobeh
Okawaru
Qazlal
Ru
Sif Muna
Trog
Uskayaw
Vehumet
Wu Jian
Xom
Yredelemnul
Zin
The Shining One

Shops:
D:2 =   D:4 =

Annotations:
D:5 3 runed translucent doors, Toxicplasma's ghost, novice MiBe
D:9 1 transporter


Innate Abilities, Weirdness & Mutations

You are too large for most types of armour.
You have claws for hands.
Your natural rate of healing is unusually fast.
You are covered in fur. (AC +1)
You have tough skin. (AC +1)


Message History

The orc wizard is heavily wounded.
You mangle the orc wizard!!
You kill the orc wizard!
The Council accepts your kill.
An orc priest comes into view. It is wielding a +0 club.
You barely miss the orc warrior. You block the orc warrior's attack.
You claw the orc warrior!
The orc warrior is moderately wounded.
You block the orc warrior's attack.
You claw the orc warrior!
The orc warrior is heavily wounded.
The orc warrior hits you but does no damage.
You closely miss the orc warrior.
The orc warrior is heavily wounded.
You block the orc warrior's attack.
The orc priest invokes the aid of Beogh against you.
Beogh smites you!
You completely miss the orc warrior.
The orc warrior is heavily wounded.
The orc warrior hits you but does no damage.
The orc cheers noisily.
You scratch the orc warrior but do no damage.
The orc warrior is heavily wounded.
You block the orc warrior's attack.
The orc priest mumbles some strange prayers to Beogh against you.
Beogh smites you!
The orc priest looks satisfied for a moment.
The orc priest mumbles some strange prayers to Beogh against you.
Beogh smites you!
The orc priest invokes the aid of Beogh against you.
Beogh smites you!
* * * LOW HITPOINT WARNING * * *
The orc warrior attacks as you move away!
The orc warrior hits you with a +0 hand axe!
* * * LOW HITPOINT WARNING * * *
The orc priest calls upon Beogh to heal the orc warrior.
The orc warrior is healed somewhat.
The orc priest invokes the aid of Beogh against you.
Beogh smites you!
You die...

#.#... .. #.#..###### ...
.........8## ....
#######.#.......8## oo8..
#....##.#..#.....8#oooo..
#....##.#....>...oo.o..._
###....##.#.##.....8#ooo...
#...........##....8## c.8..
#.#....##....#.@o8## ....
#.#....##.......### ...
##.######..##.#### ..
.................. #
##.........##.....
##.######..##.####
...................
##<######.......... ##.#
#...#######


You could see an orc warrior, 2 orc priests, an orc wizard and 3 orcs.

Vanquished Creatures
  A troll (D:7)
  5 yaks (D:8)
  Eustachio (D:4)
  Menkaure (D:5)
  A water moccasin (D:8)
  2 orc warriors
  3 ice beasts
  2 black bears
  2 sky beasts
  An ogre (D:7)
  2 centaurs
  3 phantoms
  A kobold brigand (D:7)
  5 bullfrogs
  2 scorpions
  7 wights (D:8)
  A water moccasin zombie (D:5)
  The ghost of mihai the Trooper, a weakling MiFi (D:3)
  15 killer bees
  3 hounds
  2 jellies
  Crazy Yiuf (D:3)
  5 orc priests
  A gnoll bouda (D:6)
  3 iguanas
  Ijyb (D:3)
  3 orc wizards
  18 gnolls
  5 adders
  An adder zombie (D:5)
  A worm (D:2)
  3 dart slugs
  12 orcs
  9 ball pythons
  5 bats
  6 endoplasms
  2 giant cockroaches
  12 hobgoblins
  2 jackals (D:2)
  10 kobolds
  3 quokkas
  A frilled lizard (D:1)
  9 goblins
  5 rats
179 creatures vanquished.

Notes
Turn   | Place    | Note
-------+----------+-------------------------------------------
     0 | D:1      | Condegh the Troll Monk began the quest for the Orb.
     0 | D:1      | Reached XP level 1. HP: 22/22 MP: 0/0
   147 | D:1      | Reached XP level 2. HP: 29/29 MP: 1/1
   221 | D:1      | Got the Encyclopedia of Reconstruction and Austromancy
   278 | D:1      | Reached XP level 3. HP: 36/36 MP: 2/2
   796 | D:2      | Found Liyhiwai's Jewellery Shop.
   831 | D:2      | Reached skill level 4 in Unarmed Combat
   831 | D:2      | Reached XP level 4. HP: 18/44 MP: 3/3
  1270 | D:3      | Found a runed translucent door.
  1271 | D:3      | Noticed Crazy Yiuf
  1359 | D:3      | Found a transporter.
  1407 | D:3      | Noticed Ijyb
  1419 | D:3      | Killed Ijyb
  1420 | D:3      | Reached skill level 1 in Shields
  1562 | D:3      | Noticed mihai's ghost (weakling MiFi)
  1563 | D:3      | Found a transporter.
  2094 | D:4      | Found a white marble altar of Elyvilon.
  2094 | D:4      | Found a sparkling altar of Nemelex Xobeh.
  2104 | D:4      | Reached XP level 5. HP: 53/53 MP: 4/4
  2165 | D:4      | Noticed Eustachio
  2181 | D:4      | Killed Eustachio
  2182 | D:4      | Reached skill level 5 in Unarmed Combat
  2182 | D:4      | Reached XP level 6. HP: 57/61 MP: 5/5
  2413 | D:4      | Found Woudukev's Jewellery Shoppe.
  2683 | D:3      | Killed mihai's ghost
  2747 | D:3      | Killed Crazy Yiuf
  2792 | D:5      | Entered Level 5 of the Dungeon
  2811 | D:5      | Reached XP level 7. HP: 60/68 MP: 6/6
  2905 | D:5      | Found a runed translucent gate.
  2905 | D:5      | Found a runed translucent gate.
  2905 | D:5      | Found a runed translucent gate.
  2905 | D:5      | Noticed Toxicplasma's ghost (novice MiBe)
  2907 | D:5      | Found a basalt altar of Yredelemnul.
  2919 | D:5      | Reached skill level 6 in Unarmed Combat
  3096 | D:5      | Noticed Menkaure
  3100 | D:5      | Killed Menkaure
  3414 | D:5      | Reached XP level 8. HP: 78/78 MP: 7/7
  3972 | D:6      | Reached skill level 7 in Unarmed Combat
  4315 | D:6      | Found a stormy altar of Qazlal.
  4396 | D:6      | Found an iron altar of Okawaru.
  4846 | D:6      | Reached skill level 5 in Dodging
  4846 | D:6      | Reached skill level 8 in Unarmed Combat
  4850 | D:6      | Reached skill level 5 in Fighting
  4902 | D:6      | Reached XP level 9. HP: 84/88 MP: 8/8
  4918 | D:7      | Found a staircase to the Ecumenical Temple.
  4926 | Temple   | Entered the Ecumenical Temple
  4966 | Temple   | Became a worshipper of the Wu Jian Council
  4966 | Temple   | Reached * piety under Wu Jian
  4966 | Temple   | Reached ** piety under Wu Jian
  4998 | D:7      | Noticed a troll
  5011 | D:7      | Killed a troll
  5336 | D:7      | Identified the +6 short sword of Ycucoll {drain, Int+2}
  5367 | D:7      | Reached skill level 5 in Shields
  5367 | D:7      | Reached skill level 9 in Unarmed Combat
  5714 | D:8      | Found a sacrificial altar of Ru.
  6009 | D:8      | Reached XP level 10. HP: 98/98 MP: 9/9
  6030 | D:8      | Reached skill level 10 in Unarmed Combat
  6115 | D:8      | Reached *** piety under Wu Jian
  6400 | D:9      | Found a transporter.
  6412 | D:9      | Found a hazy altar of Hepliaklqana.
  6468 | D:9      | Found a staircase to the Orcish Mines.
  6507 | D:9      | Killed from afar by an orc priest

Illustrated notes

Levels and vault maps discovered:
D:1:      dpeg_arrival_pond, layout_loops_ring, minmay_vboxes
D:2:      layout_rooms, serial_shops, shop
D:3:      layout_basic, gammafunk_ghost_arena, uniq_ijyb,
          uniq_crazy_yiuf_cottage
D:4:      layout_rooms, mainiacjoe_overflow_catwalk_spiral, serial_shops,
          nicolae_shop_back_alley_shop, uniq_eustachio
D:5:      layout_cave_pods, nicolae_yredelemnul_ghost_church, uniq_menkaure
D:6:      layout_gridville, okawaru_ov_weapons_minmay, kennysheep_little_box
D:7:      layout_loops_ring, minmay_temple_entry_mini_moons
D:8:      layout_basic, mainiacjoe_overflow_alcove_1
D:9:      gammafunk_steamed_eel, layout_basic, mainiacjoe_overflow_alcove_2,
          minmay_orc_entry_temple_large, serial_shops, shop
Temple:   eino_wide_crystal_templ

Skill      XL: |  1  2  3  4  5  6  7  8  9 10 |
---------------+-------------------------------+-----
Unarmed Combat | 4 5 6 8 9 10 | 10.2
Dodging        | 3 4 5 6 |  6.2
Fighting       | 3 4 5 6 |  6.2
Shields        | 1 2 3 4 5 |  5.9

Action                     |  1- 3 |  4- 6 |  7- 9 | 10-12 || total
---------------------------+-------+-------+-------+-------++-------
  Melee: Unarmed           |    65 |   152 |   385 |    65 ||   667
Ability: Lunge             |       |       |    16 |     2 ||    18
         Whirlwind         |       |       |    15 |       ||    15
    Use: Scroll            |       |     1 |     5 |     2 ||     8
   Stab: Sleeping          |       |       |       |     1 ||     1
 Armour: Robe              |    12 |    22 |    54 |     8 ||    96
  Dodge: Dodged            |    13 |    23 |   144 |    12 ||   192
  Block: Kite shield       |    17 |    83 |   306 |    31 ||   437
         Reflection        |       |     3 |     3 |     2 ||     8
